 Dungeon Crawl Stone Soup version 0.20.0-4-g10b340a (webtiles) character file.

7665 Gobbopathe the Artisan of Death (level 10, -8/63 HPs)
             Began as a Vampire Necromancer on May 27, 2017.
             Was a Priest of Kikubaaqudgha.
             Mangled by Snorg (16 damage)
             ... on level 3 of the Lair of Beasts.
             The game lasted 01:37:48 (11274 turns).

Gobbopathe the Artisan of Death (VpNe)             Turns: 11274, Time: 01:37:48

Health: -8/63      AC:  6    Str:  7    XL:     10   Next: 99%
Magic:  1/21       EV: 23    Int: 24    God:    Kikubaaqudgha [***...]
Gold:   604        SH:  0    Dex: 15    Spells: 2/24 levels left

rFire    + . .     SeeInvis +   b - +4 dagger
rCold    . . .     Gourm    .   (no shield)
rNeg     + . .     Faith    +   z - +1 robe "Befideu" {Slay+5 SInv}
rPois    .         Spirit   .   B - +1 helmet {Int+3}
rElec    .         Reflect  .   (no cloak)
rCorr    .         Harm     .   n - +0 pair of gloves
MR       +....                  (no boots)
Stlth    +++++.....             o - amulet of faith
Regen    0.2/turn               s - ring of protection from fire
MPRegen  0.2/turn               M - +6 ring of evasion

@: about to teleport
A: fangs 3, see invisible, unbreathing
a: Bat Form, Receive Corpses, Renounce Religion


You were on level 3 of the Lair of Beasts.
You worshipped Kikubaaqudgha.
Kikubaaqudgha was most pleased with you.
You were not thirsty.

You visited 3 branches of the dungeon, and saw 13 of its levels.

You collected 604 gold pieces.

Inventory:

Hand Weapons
 a - a +7 demon trident
 b - a +4 dagger (weapon)
Missiles
 h - 4 javelins (quivered)
 i - 6 silver tomahawks
 j - 14 sling bullets
 k - 4 tomahawks
 L - 2 javelins of penetration
Armour
 n - a +0 pair of gloves (worn)
 w - a +2 leather armour of magic resistance
 z - the +1 robe "Befideu" (worn) {Slay+5 SInv}
   (You found it on level 1 of the Lair of Beasts)

   It affects your accuracy and damage with ranged weapons and melee attacks
   (+5).
   It lets you see invisible.
 B - a +1 helmet of intelligence (worn)
Jewellery
 o - an amulet of faith (around neck)
 s - a ring of protection from fire (left hand)
 M - a +6 ring of evasion (right hand)
 Q - an uncursed ring of protection from cold
Wands
 l - a wand of paralysis (11/24)
 r - a wand of lightning (13/15)
 t - a wand of random effects (35/48)
 u - a wand of iceblast (3/15)
 x - a wand of disintegration (20/24)
 G - a wand of polymorph (2/24)
 H - a wand of flame (15/48)
Scrolls
 d - 2 scrolls of teleportation
 e - a scroll of identify
 f - 3 scrolls of fog
Potions
 c - 12 potions of blood
 g - 2 potions of curing
 A - a potion of heal wounds
 P - a potion of invisibility


   Skills:
 + Level 0.1 Polearms
 + Level 7.1 Dodging
 - Level 11.0 Stealth
 + Level 7.8 Spellcasting
 + Level 2.2 Conjurations
 - Level 12.0 Necromancy
 + Level 3.2 Evocations


You had 2 spell levels left.
You knew the following spells:

 Your Spells              Type           Power        Failure   Level  Hunger
a - Pain                  Necr           ####         1%          1    None
b - Vampiric Draining     Necr           ######....   1%          3    None
c - Animate Dead          Necr           N/A          1%          4    ###....
d - Control Undead        Necr           ######....   1%          4    ###....
e - Dispel Undead         Necr           ######..     1%          5    #####..
f - Bolt of Draining      Conj/Necr      #####.....   10%         5    #####..


Dungeon Overview and Level Annotations

Branches:
Dungeon (9/15)             Temple (1/1) D:4            Lair (3/6) D:9
  Swamp: Lair:2-4    Shoals: Lair:2-4     Snake: Lair:2-4    Spider: Lair:2-4
    Orc: D:9-12

Altars:
Cheibriados
Elyvilon
Gozag
Hepliaklqana
Kikubaaqudgha
Makhleb
Okawaru
Sif Muna
Trog
Vehumet
Yredelemnul
The Shining One

Shops:
D:4 =!(*(

Annotations:
D:5 NoNouf's ghost, amateur GrFi
D:7 Gnolls+sergeant, exclusions: 3 gnolls and gnoll sergeant, Syneil's ghost, novice DsGl
D:8 exclusion: black bear, Joseph
Lair:3 exclusion: 4 elephants, Snorg


Innate Abilities, Weirdness & Mutations

You have razor-sharp teeth.
You have supernaturally acute eyesight. (SInv)
You can survive without breathing.


Message History

Snorg barely misses you. Snorg closely misses you.
Casting: Vampiric Draining
Confirm with . or Enter, or press ? or * to list all spells.
Aiming: Vampiric Draining
Press: ? - help, Shift-Dir - straight line, f/p - Snorg
Aim: Snorg (severely wounded, berserk, fast, unusually strong) Snorg is almost dead.
You feel life coursing into your body. Snorg bites you! Snorg claws you!
Snorg completely misses you. Snorg barely misses you. Snorg claws you.
* * * LOW HITPOINT WARNING * * *
Snorg closely misses you.
Okay, then.
Okay, then.
As you read the scroll of teleportation, it crumbles to dust.
You feel strangely unstable. Snorg bites you!
* * * LOW HITPOINT WARNING * * *
Snorg closely misses you. Snorg completely misses you. Snorg bites you!
You die...
Kikubaaqudgha rasps: "You have failed me!
Welcome... oblivion!"

.....#.......## ...
#...#....#
..........PP....#
.......#.#.P..####
......#..##.....##
≈≈≈......##......#
≈≈≈≈.....##......#
≈≈≈≈≈.....#......##
≈≈≈≈......@T......#
≈≈≈................
≈≈.>...............
≈≈≈....<..#.....##.
≈≈≈≈...........##
≈≈........P....#
≈≈≈............P#
##..............#
####.....###....


You could see Snorg (berserk).

Vanquished Creatures
  Urug (Lair:2)
  3 black mambas
  A spiny frog (Lair:1)
  A komodo dragon (Lair:1)
  A jumping spider (Lair:1)
  4 yaks (D:9)
  2 wargs (D:9)
  4 water moccasins
  3 porcupines
  4 orc warriors
  2 ice beasts
  4 ogres
  6 wolves (Lair:1)
  A centaur (D:9)
  5 crocodiles
  A big kobold (D:8)
  5 bullfrogs
  2 howler monkeys
  A bullfrog zombie (D:9)
  A crimson imp (D:9)
  5 hounds
  2 jellies
  6 orc priests
  9 orc wizards
  A centaur skeleton (D:5)
  5 worker ants
  Ijyb (D:3)
  An iguana (D:9)
  A hound zombie (D:7)
  2 hound skeletons
  10 adders
  An ooze (D:3)
  3 worms
  2 dart slugs
  3 leopard geckos
  21 orcs
  4 ball pythons
  11 bats
  4 giant cockroaches
  10 hobgoblins
  10 jackals
  8 kobolds
  4 quokkas
  4 frilled lizards
  9 goblins
  2 jackal skeletons
  7 rats
198 creatures vanquished.

Vanquished Creatures (collateral kills)
  Prince Ribbit (D:5)
  A water moccasin (Lair:1)
  A phantom (D:7)
  An ogre (D:6)
  A bullfrog (Lair:1)
  An adder (D:5)
  An orc (D:5)
7 creatures vanquished.

Vanquished Creatures (others)
  A fungus (Lair:1)
1 creature vanquished.

Grand Total: 206 creatures vanquished

Notes
Turn   | Place    | Note
-------+----------+-------------------------------------------
     0 | D:1      | Gobbopathe the Vampire Necromancer began the quest for the Orb.
     0 | D:1      | Reached XP level 1. HP: 13/13 MP: 3/3
   214 | D:1      | Reached XP level 2. HP: 16/19 MP: 0/5
  1002 | D:1      | Reached XP level 3. HP: 23/24 MP: 4/6
  1013 | D:1      | Learned a level 3 spell: Vampiric Draining
  1103 | D:1      | Reached skill level 5 in Necromancy
  1560 | D:2      | Reached XP level 4. HP: 29/30 MP: 5/8
  1571 | D:2      | Learned a level 4 spell: Animate Dead
  2438 | D:3      | Noticed Ijyb
  2446 | D:3      | Killed Ijyb
  2446 | D:3      | Reached XP level 5. HP: 28/35 MP: 1/9
  2785 | D:3      | You fall through a shaft!
  2785 | D:4      | Found Teulilal's Antique Weapon Shop.
  3183 | D:3      | Reached skill level 5 in Stealth
  3183 | D:3      | Reached skill level 6 in Necromancy
  3394 | D:4      | Reached XP level 6. HP: 26/41 MP: 1/11
  3400 | D:4      | Learned a level 4 spell: Control Undead
  3605 | D:4      | Found Duqaxeck's Distillery.
  3686 | D:4      | Found Rumpaas's Jewellery Shoppe.
  3818 | D:4      | Found a white marble altar of Elyvilon.
  3929 | D:4      | Found Codder Too's General Store.
  3931 | D:4      | Found Nonawuol's Antique Weapon Shoppe.
  4020 | D:4      | Found a staircase to the Ecumenical Temple.
  4034 | Temple   | Entered the Ecumenical Temple
  4050 | Temple   | Became a worshipper of Kikubaaqudgha
  4159 | D:4      | Reached skill level 7 in Necromancy
  4219 | D:5      | Entered Level 5 of the Dungeon
  4253 | D:5      | Found a snail-covered altar of Cheibriados.
  4280 | D:5      | Reached XP level 7. HP: 36/46 MP: 5/13
  4542 | D:5      | Noticed NoNouf's ghost (amateur GrFi)
  4641 | D:5      | Noticed Prince Ribbit
  4793 | D:5      | Reached * piety under Kikubaaqudgha
  4793 | D:5      | Identified Kikubaaqudgha's Tome of Stolen Souls (Kikubaaqudgha gifted it to you on level 5 of the Dungeon)
  4793 | D:5      | Received a gift from Kikubaaqudgha
  4986 | D:5      | Reached skill level 8 in Necromancy
  5442 | D:6      | Reached XP level 8. HP: 51/52 MP: 9/14
  5641 | D:5      | Reached skill level 9 in Necromancy
  5802 | D:5      | Killed Prince Ribbit
  5802 | D:5      | Reached skill level 5 in Spellcasting
  5958 | D:6      | Found an iron altar of Okawaru.
  6449 | D:7      | Reached ** piety under Kikubaaqudgha
  6830 | D:7      | Noticed Syneil's ghost (novice DsGl)
  6981 | D:8      | Reached skill level 10 in Necromancy
  7058 | D:8      | Noticed Joseph
  7109 | D:8      | Reached XP level 9. HP: 53/57 MP: 10/17
  7782 | D:9      | Found a staircase to the Lair.
  7813 | D:9      | Noticed a troll
  7854 | D:9      | Reached skill level 10 in Stealth
  8214 | D:9      | Found a burning altar of Makhleb.
  8315 | D:9      | Reached skill level 11 in Necromancy
  8337 | D:9      | Reached skill level 5 in Dodging
  8354 | D:9      | Reached *** piety under Kikubaaqudgha
  8354 | D:9      | Identified Kikubaaqudgha's Almanac of Dark Rituals (Kikubaaqudgha gifted it to you on level 9 of the Dungeon)
  8354 | D:9      | Received a gift from Kikubaaqudgha
  8362 | D:9      | Learned a level 5 spell: Dispel Undead
  8485 | D:9      | Found a bloodstained altar of Trog.
  8639 | Lair:1   | Entered Level 1 of the Lair of Beasts
  8639 | Lair:1   | Noticed a spiny frog
  8680 | Lair:1   | Noticed a jumping spider
  8680 | Lair:1   | a spiny frog changed into a jumping spider
  8686 | Lair:1   | Killed a jumping spider
  8691 | Lair:1   | Reached XP level 10. HP: 58/63 MP: 6/19
  8819 | Lair:1   | Noticed a four-headed hydra
  8866 | Lair:1   | Noticed a black mamba
  8899 | Lair:1   | Noticed a spiny frog
  9422 | Lair:1   | Killed a black mamba
  9488 | Lair:1   | Reached skill level 1 in Evocations
  9591 | Lair:1   | Killed a spiny frog
  9591 | Lair:1   | Reached skill level 12 in Necromancy
  9699 | Lair:1   | Learned a level 5 spell: Bolt of Draining
  9778 | Lair:1   | Got a slimy robe
  9789 | Lair:1   | Identified the +1 robe "Befideu" {Slay+5 SInv} (You found it on level 1 of the Lair of Beasts)
 10340 | Lair:2   | Noticed a black mamba
 10357 | Lair:2   | Killed a black mamba
 10357 | Lair:2   | Reached skill level 1 in Conjurations
 10679 | Lair:2   | Found a radiant altar of Vehumet.
 10684 | Lair:2   | Noticed Urug
 10790 | Lair:2   | Noticed a black mamba
 10804 | Lair:2   | Killed a black mamba
 10907 | Lair:3   | Noticed an elephant
 10928 | Lair:3   | Noticed an elephant
 10932 | Lair:3   | Noticed an elephant
 10932 | Lair:3   | Noticed an elephant
 11001 | Lair:3   | Noticed an elephant
 11024 | Lair:2   | Killed Urug
 11259 | Lair:3   | Noticed Snorg
 11274 | Lair:3   | Mangled by Snorg

Skill      XL: |  1  2  3  4  5  6  7  8  9 10 |
---------------+-------------------------------+-----
Necromancy     | 5 6 7 8 10 11 12 | 12.0
Stealth        | 4 5 6 7 9 10 11 | 11.0
Spellcasting   | 3 4 5 6 7 |  7.8
Dodging        | 5 7 |  7.1
Evocations     | 3 |  3.2
Conjurations   | 2 |  2.2
Polearms       | |  0.1

Action                   |  1- 3 |  4- 6 |  7- 9 | 10-12 || total
-------------------------+-------+-------+-------+-------++-------
Melee: Whip              |    30 |       |       |       ||    30
       Bite              |     2 |     5 |    19 |     3 ||    29
       Mace              |     5 |     2 |       |       ||     7
       Spear             |       |    37 |       |       ||    37
       Falchion          |       |    15 |    13 |       ||    28
       Long sword        |       |       |   137 |       ||   137
       Quarterstaff      |       |       |   118 |    56 ||   174
       Dagger            |       |       |    29 |     9 ||    38
       War axe           |       |       |    11 |       ||    11
       Demon trident     |       |       |       |     6 ||     6
 Cast: Pain              |    56 |   109 |   176 |    39 ||   380
       Animate Dead      |       |     5 |     4 |     1 ||    10
       Vampiric Draining |       |     6 |    42 |    46 ||    94
       Control Undead    |       |       |    11 |       ||    11
       Bolt of Draining  |       |       |       |     5 ||     5
 Abil: Bat Form          |       |       |     5 |     4 ||     9
       End Transformatio |       |       |     5 |     3 ||     8
Evoke: Wand              |       |       |     1 |       ||     1
  Use: Potion            |     7 |    11 |    27 |    10 ||    55
       Scroll            |       |     3 |     8 |     2 ||    13
 Stab: Sleeping          |     1 |     4 |    14 |     5 ||    24
       Distracted        |       |       |     1 |       ||     1
Armor: Robe              |    21 |     6 |       |     3 ||    30
       Leather armour    |       |    23 |   131 |    16 ||   170
Dodge: Dodged            |    34 |    62 |   294 |   187 ||   577
       Rpst.: Falchion   |       |     3 |     3 |       ||     6
       Long sword        |       |       |    33 |       ||    33
